 Dungeon Sprint DCSS version 0.29.1-2-gbd0b4ee654 (webtiles) character file.

Game seed: 10445759539350901958

8790 boopmooplesden the Stickfighter (level 11, 0/172 HPs)
             Began as a Minotaur Gladiator on Nov 29, 2022.
             Was the Champion of Trog.
             Slain by a gnoll sergeant
             ... wielding a +6 trident of venom
              (3 damage)
             ... in the Dungeon (Sprint VII: "The Pits").
             The game lasted 00:04:14 (1548 turns).

boopmooplesden the Stickfighter (MiGl)              Turns: 1548, Time: 00:04:14

Health: 0/172      AC: 19    Str: 23    XL:     11   Next: 14%
Magic:  10/10      EV: 12    Int:  5    God:    Trog [******]
Gold:   0          SH:  0    Dex: 12    Spells: 10/10 levels left

rFire   . . .      SeeInvis .   q - +7 lajatang (vorpal)
rCold   . . .      Faith    .   (shield currently unavailable)
rNeg    . . .      Spirit   .   v - +4 chain mail
rPois   .          Reflect  .   c - +0 hat
rElec   .          Harm     .   (no cloak)
rCorr   .          Rampage  .   (no gloves)
Will    .....      NoTele   +   w - +0 pair of boots
Stlth   ..........              (no amulet)
HPRegen 0.38/turn               (no ring)
MPRegen 0.12/turn               (no ring)

@: berserking, lethally poisoned (0 -> -16), very quick
A: horns 2, retaliatory headbutt
a: Renounce Religion, Berserk, Trog's Hand, Brothers in Arms


You were in the Dungeon.
You worshipped Trog.
Trog was exalted by your worship.
You visited 1 branch

Inventory:

Hand Weapons
 a - a +0 quarterstaff
 l - a +2 quarterstaff
 o - a +2 quarterstaff of speed
 q - a +7 vorpal lajatang (weapon)
 t - a +4 quarterstaff of speed
Missiles
 d - 3 throwing nets (quivered)
 e - a javelin
Armour
 c - a +0 hat (worn)
 v - a +4 chain mail (worn)
 w - a +0 pair of boots (worn)
Jewellery
 r - a +3 ring of intelligence
 s - a +3 ring of protection
Scrolls
 k - a scroll of blinking
 n - a scroll of summoning
Potions
 f - 7 potions of curing
 g - 6 potions of heal wounds
 h - 3 potions of haste
 i - 4 potions of magic
 j - 5 potions of berserk rage
 m - 2 potions of invisibility
 u - 2 potions of mutation


   Skills:
 + Level 16.5 Fighting
 + Level 20.5 Staves
 + Level 4.6 Throwing
 + Level 15.3 Armour
 + Level 10.4 Dodging


You had 10 spell levels left.
You didn't know any spells.
Your spell library was empty.

Dungeon Overview and Level Annotations

Branches:
Dungeon (1/1)

Altars:
Cheibriados
Dithmenos
Elyvilon
Fedhas
Gozag
Hepliaklqana
Makhleb
Nemelex Xobeh
Okawaru
Qazlal
Ru
Sif Muna
Trog
Vehumet
Wu Jian
Xom
Yredelemnul
Zin
The Shining One
Jiyva
Lugonu


Innate Abilities, Weirdness & Mutations

You have a pair of horns on your head.
You reflexively headbutt those who attack you in melee.


Message History

* * * LOW HITPOINT WARNING * * *
You feel very sick.
The freezing wraith hits you but does no damage. x2
The gnoll sergeant completely misses you.
You barely miss the freezing wraith. You headbutt the freezing wraith!
The freezing wraith is moderately damaged.
* * * LOW HITPOINT WARNING * * *
You feel very sick.
You slash the freezing wraith!
Your headbutt misses the freezing wraith.
The freezing wraith is heavily damaged.
* * * LOW HITPOINT WARNING * * *
You feel very sick.
The freezing wraith barely misses you. x2
The gnoll sergeant barely misses you.
You closely miss the freezing wraith.
The freezing wraith is heavily damaged.
* * * LOW HITPOINT WARNING * * *
You feel sick.
You slash the freezing wraith!
The freezing wraith is almost destroyed.
* * * LOW HITPOINT WARNING * * *
You feel very sick.
The gnoll sergeant hits you from afar with a +6 trident of venom.
* * * LOW HITPOINT WARNING * * *
You are more poisoned.
The freezing wraith closely misses you.
The freezing wraith hits you but does no damage.
You slice the freezing wraith!!
You feel the power of Trog in you as your rage grows.
You destroy the freezing wraith!
Trog accepts your kill. Trog grants you a weapon!
Something appears at your feet!
You see here a +4 vorpal rapier.
* * * LOW HITPOINT WARNING * * *
You feel very sick.
* * * LOW HITPOINT WARNING * * *
You feel very sick.
The gnoll sergeant hits you with a +6 trident of venom.
You die...

...#..#......#
.............+
.............+
...#..#......#
.............#
'#####''###### ....##''#
######## # ....##..#
#...)).###...# ....##))#
#..#)#@g.......
<...##).##..##)##.....#..
....##).##.##...##...##
....##).####.....##.##
....##.))##......# ..#
######....'......+ ..'.
######...##......# ..#.#
..[[##..####.....# ##.#
..[.##..# ##...##


You could see a gnoll sergeant.

Vanquished Creatures
  An alligator snapping turtle (D)
  2 two-headed ogres (D)
  A death yak (D)
  A smoke demon (D)
  An unseen horror (D)
  A freezing wraith (D)
  An ice devil (D)
  A polar bear (D)
  2 snapping turtles (D)
  4 blink frogs (D)
  A spriggan (D)
  A floating eye (D)
  A sky beast (D)
  2 ogres (D)
  4 wolves (D)
  A centaur (D)
  A phantom (D)
  2 gnoll sergeants (D)
  A necrophage (D)
  A scorpion (D)
  3 wights (D)
  A quasit (D)
  An orc priest (D)
  An iguana (D)
  An orc wizard (D)
  9 gnolls (D)
  3 orcs (D)
  A bat (D)
  A bat skeleton (D)
  A giant cockroach (D)
  2 hobgoblins (D)
  2 jackals (D)
  4 quokkas (D)
  A jackal zombie (D)
  A rat (D)
62 creatures vanquished.

Vanquished Creatures (collateral kills)
  2 two-headed ogres (D)
  An ogre mage (D)
  A manticore (D)
  A red devil (D)
  2 wights (D)
  3 gnolls (D)
  An orc (D)
  A quokka (D)
12 creatures vanquished.

Grand Total: 74 creatures vanquished

Notes
Turn   | Place    | Note
-------+----------+-------------------------------------------
     0 | D        | boopmooplesden the Minotaur Gladiator began the quest for
                  | the Orb.
     0 | D        | Reached XP level 1. HP: 18/18 MP: 0/0
    14 | D        | Reached skill level 4 in Staves
    18 | D        | Found a bloodstained altar of Trog.
    18 | D        | Found a shimmering blue altar of Sif Muna.
    18 | D        | Found a viscous altar of Jiyva.
    18 | D        | Found a hazy altar of Hepliaklqana.
    18 | D        | Found an opulent altar of Gozag.
    19 | D        | Found a glowing golden altar of the Shining One.
    19 | D        | Found a glowing silver altar of Zin.
    19 | D        | Found a basalt altar of Yredelemnul.
    19 | D        | Found a shimmering altar of Xom.
    19 | D        | Found an ornate altar of the Wu Jian Council.
    19 | D        | Found a sacrificial altar of Ru.
    19 | D        | Found a stormy altar of Qazlal.
    19 | D        | Found an iron altar of Okawaru.
    19 | D        | Found a sparkling altar of Nemelex Xobeh.
    19 | D        | Found a burning altar of Makhleb.
    19 | D        | Found a blossoming altar of Fedhas.
    19 | D        | Found a white marble altar of Elyvilon.
    19 | D        | Found a shadowy altar of Dithmenos.
    19 | D        | Found a snail-covered altar of Cheibriados.
    21 | D        | Found a corrupted altar of Lugonu.
    21 | D        | Found a radiant altar of Vehumet.
    22 | D        | Became a worshipper of Trog the Wrathful
    62 | D        | Reached * piety under Trog
   150 | D        | Noticed a floating eye
   153 | D        | Killed a floating eye
   154 | D        | Reached skill level 8 in Staves
   154 | D        | Reached skill level 1 in Armour
   154 | D        | Reached XP level 2. HP: 27/27 MP: 1/1
   154 | D        | Reached XP level 3. HP: 33/33 MP: 2/2
   154 | D        | Reached XP level 4. HP: 40/40 MP: 3/3
   261 | D        | Reached ** piety under Trog
   328 | D        | Noticed a sky beast
   329 | D        | Noticed a gnoll sergeant
   335 | D        | Reached *** piety under Trog
   341 | D        | Reached skill level 9 in Staves
   341 | D        | Reached XP level 5. HP: 47/47 MP: 4/4
   346 | D        | Reached skill level 5 in Fighting
   346 | D        | Reached skill level 10 in Staves
   349 | D        | Reached **** piety under Trog
   350 | D        | Reached skill level 11 in Staves
   350 | D        | Reached XP level 6. HP: 57/57 MP: 5/5
   365 | D        | Killed a sky beast
   366 | D        | Reached skill level 12 in Staves
   370 | D        | Reached ***** piety under Trog
   391 | D        | Reached skill level 13 in Staves
   391 | D        | Reached XP level 7. HP: 10/66 MP: 6/6
   664 | D        | Reached skill level 5 in Armour
   666 | D        | Noticed a polar bear
   675 | D        | Killed a polar bear
   676 | D        | Reached skill level 14 in Staves
   901 | D        | Reached ****** piety under Trog
   905 | D        | Received a gift from Trog
   912 | D        | Noticed a blink frog
   912 | D        | Noticed a blink frog
   912 | D        | Noticed a blink frog
   912 | D        | Noticed a blink frog
   912 | D        | Noticed a snapping turtle
   917 | D        | Killed a blink frog
   918 | D        | Reached skill level 15 in Staves
   918 | D        | Reached XP level 8. HP: 78/78 MP: 7/7
   919 | D        | Killed a blink frog
   927 | D        | Killed a blink frog
   928 | D        | Reached skill level 10 in Fighting
   932 | D        | Killed a blink frog
   933 | D        | Reached skill level 16 in Staves
   944 | D        | Killed a snapping turtle
   947 | D        | Received a gift from Trog
   948 | D        | Reached XP level 9. HP: 69/86 MP: 8/8
  1163 | D        | Reached skill level 17 in Staves
  1163 | D        | Reached skill level 10 in Armour
  1173 | D        | Noticed a two-headed ogre
  1173 | D        | Noticed a red devil
  1174 | D        | Noticed a two-headed ogre
  1174 | D        | Noticed an ogre mage
  1175 | D        | Noticed a two-headed ogre
  1176 | D        | Noticed a manticore
  1179 | D        | Killed a two-headed ogre
  1179 | D        | Received a gift from Trog
  1182 | D        | Killed a two-headed ogre
  1182 | D        | Noticed a two-headed ogre
  1183 | D        | Reached skill level 18 in Staves
  1183 | D        | Killed a red devil
  1184 | D        | Killed a two-headed ogre
  1185 | D        | Reached XP level 10. HP: 52/101 MP: 9/9
  1186 | D        | Killed a manticore
  1186 | D        | Killed an ogre mage
  1186 | D        | Received a gift from Trog
  1187 | D        | Reached skill level 19 in Staves
  1190 | D        | Killed a two-headed ogre
  1477 | D        | Reached skill level 15 in Fighting
  1479 | D        | Reached skill level 10 in Dodging
  1488 | D        | Noticed a death yak
  1497 | D        | Killed a death yak
  1498 | D        | Reached skill level 20 in Staves
  1498 | D        | Received a gift from Trog
  1516 | D        | Noticed a smoke demon
  1521 | D        | Noticed an alligator snapping turtle
  1532 | D        | Killed a smoke demon
  1533 | D        | Reached XP level 11. HP: 51/114 MP: 10/10
  1539 | D        | Killed an alligator snapping turtle
  1540 | D        | Reached skill level 15 in Armour
  1547 | D        | Received a gift from Trog
  1547 | D        | HP: 6/172 [poisoned by a gnoll sergeant]
  1548 | D        | Slain by a gnoll sergeant

Illustrated notes

Levels and vault maps discovered:
D:        pitsprint [storerooms_1, entrance_room_1, metal_vault_3, armoury_1,
          mini_pit_1, grid_room_1, main_hall_1, silver_pit, the_coven_2,
          the_vestibule_1, steel_vault_2, golden_pit, hallway_of_sentries,
          crystal_vault_4, iron_vault_2, final_vault]

Skill      XL: |  1  2  3  4  5  6  7  8  9 10 11 |
---------------+----------------------------------+-----
Staves         | 8 9 11 13 15 16 18 20 | 20.5
Fighting       | 4 5 7 9 10 13 16 | 16.5
Throwing       | 3 4 |  4.6
Armour         | 1 2 3 4 7 9 12 14 15 | 15.3
Dodging        | 6 7 8 9 10 | 10.4

Action                   |  1- 3 |  4- 6 |  7- 9 | 10-12 || total
-------------------------+-------+-------+-------+-------++-------
Melee: Quarterstaff      |    12 |    46 |    52 |       ||   110
       Headbutt          |     1 |     6 |    13 |     9 ||    29
       Lajatang          |       |       |    16 |    46 ||    62
Invok: Berserk           |       |     1 |     2 |     1 ||     4
       Brothers in Arms  |       |     1 |     1 |       ||     2
       Trog's Hand       |       |       |     1 |       ||     1
  Use: Potion            |       |     2 |       |       ||     2
Armor: Leather armour    |     2 |     1 |       |       ||     3
       Chain mail        |       |    17 |    25 |    44 ||    86
Dodge: Dodged            |     3 |    15 |    17 |    29 ||    64
